Unix NetHack Version 5.0.0-0 post-release - last build Jul 14 2026 02:55:29 (1809b74e8187c3a3585e283601c3028b46cbbdcb,branch:main).

Game began 2026-07-16 19:05:38, ended 2026-07-16 19:47:51.

Coineanach, neutral male human Barbarian

                                                                 -------
      ------------                                               |.....|
      |GohG..h....     ------             --------               |.....|
      |hhk.:ohhGo|     |....|             |......|              #......|
      |d@Gohooo..|     |....-#######      |....(.|              #----.--
      --d---------     |....|      #######.......|              #    #
        #              --.---             |.....||              #    #
        #                #                -.------              #    #####
        ###              #                 #                  ###        #
          #             ##                 #                  #          ##
          #            ##                  ##          ------ #    -------.--
          #            #                ######%##      .......##   ......<..|
          ####         #            #####     -|---    |..+.. #    |........|
       ------.-       -.------    ###         |...|    |....  #    |........|
       |......|       |......|    #           |...|    |..$.  #    +........|
       |......|     ##.......|  ###           |...|# # |...  +#    |........|
       |.......#######|...%...###             |..>-### ----   #    ----------
       |......|      #....{..|                |...|############
       --------       --------                -----

Coineanach the Bandit      St:18/01 Dx:17 Co:18 In:7 Wi:7 Ch:8  Neutral
Dlvl:5  $:487 HP:0(64) Pw:20(20) AC:1  Xp:7 T:3860 

Latest messages:
 The hobgoblin wakes up.
 The gnome wakes up.
 The hobgoblin wakes up.
 The bugbear wakes up.
 The bugbear wakes up.
 The goblin wakes up.
 The goblin wakes up.
 The bugbear wakes up.
 The gnome wakes up.
 The kobold wakes up.
 The bugbear wakes up.
 The gnome wakes up.
 The dwarf king wakes up.
 You smite the bugbear.
 The bugbear drinks a ruby potion!
 The bugbear seems more experienced.
 The bugbear reads a scroll labeled ELAM EBOW!
 A wolf suddenly appears next to you!
 A wolf suddenly appears next to you!
 The hobgoblin wields a scimitar!
 The bugbear hits!
 You hear some noises.
 You miss the wolf.
 The wolf bites!
 The wolf bites!
 The goblin throws an orcish dagger!
 The orcish dagger hits the gnome.
 The gnome hits!
 The bugbear misses!
 The bugbear hits!
 You smite the wolf!
 You kill the wolf!
 The wolf bites!
 The kobold hits!
 The bugbear hits!
 The bugbear hits!
 You miss the wolf.
 The wolf misses!
 The wolf bites!
 The kobold hits!
 The bugbear hits!
 You smite the wolf!
 The wolf bites!
 The wolf bites!
 You die...
 Do you want your possessions identified? [ynq] (y)
 Do you want to see your attributes? [ynq] (y)
 Do you want an account of creatures vanquished? [ynaq] (y)
 Do you want to see your conduct and achievements? [ynq] (y)
 Do you want to see the dungeon overview? [ynq] (y)

Inventory:
 Coins    ('$')
  $ - 487 gold pieces
 Weapons  (')')
  k - a +0 dagger
  y - a +0 elven dagger
  P - 2 +0 orcish daggers
  x - a +0 aklys (tethered to right hand)
  b - a +0 axe
  a - a rusty +0 two-handed sword (alternate weapon; not wielded)
 Armor    ('[')
  m - an uncursed rusty +0 dwarvish iron helm (being worn)
  q - an uncursed +0 pair of low boots (being worn)
  s - an uncursed +0 cloak of displacement
  G - an uncursed +0 cloak of magic resistance (being worn)
  O - an uncursed +0 dwarvish mithril-coat (being worn)
 Comestibles  ('%')
  J - 3 uncursed slime molds
  d - 3 uncursed food rations
  e - 2 cursed food rations
  F - an uncursed pear
  w - 2 uncursed lichen corpses
 Scrolls  ('?')
  c - an uncursed scroll of amnesia
  V - a blessed scroll of charging
  j - a blessed scroll of enchant weapon
  g - a cursed scroll of fire
  h - 2 uncursed scrolls of identify
  o - an uncursed scroll of light
  i - 3 uncursed scrolls of remove curse
 Potions  ('!')
  v - 2 uncursed potions of healing
  u - a cursed potion of speed
 Rings    ('=')
  f - a cursed -1 ring of adornment
  p - a cursed ring of polymorph
 Wands    ('/')
  U - a wand of opening (0:3)
 Tools    ('(')
  Y - an uncursed tooled horn
  H - an uncursed blindfold
  K - an expensive camera (0:48)
  L - an uncursed lock pick
  N - a blessed magic lamp
  t - an uncursed magic whistle
  S - a +0 pick-axe
  R - a blessed tallow candle
  r - an uncursed partly used wax candle

Coineanach the Barbarian's attributes:

Background:
 You were a Bandit, a level 7 male human Barbarian.
 You were neutral, on a mission for Crom
 who was opposed by Mitra (lawful) and Set (chaotic).
 You were right-handed.
 You were in the Dungeons of Doom, on level 5.
 You entered the dungeon 3860 turns ago.
 There was a new moon in effect when your adventure ended.
 You had 1024 experience points, 256 more were needed to attain level 8.

Basics:
 You had 0 out of 64 hit points.
 You had all 20 energy points (spell power).
 Your armor class was 1.
 Your wallet contained 487 zorkmids.
 Autopickup was off.

Final Characteristics:
 Your strength was 18/01 (limit:18/100).
 Your dexterity was 17 (limit:18).
 Your constitution was 18 (limit:18).
 Your intelligence was 7 (limit:18).
 Your wisdom was 7 (limit:18).
 Your charisma was 8 (limit:18).

Final Status:
 You weren't hungry.
 You were unencumbered.
 You were wielding a club.
 You had basic skill with club and could have enhanced that.

Final Attributes:
 You were piously aligned.
 You were magic-protected.
 You were poison resistant.
 You were telepathic.
 You were guarded.
 You were fast.
 You are dead.

Miscellaneous:
 You encountered 1 bones level.
 Total elapsed playing time was 42 minutes and 10 seconds.

Major events:
 Turn
    1: Coineanach the neutral male human Barbarian entered the dungeon
  721: entered the Gnomish Mines
  735: attained the rank of Pillager (level 3)
 1278: reached Mine Town
 1602: attained the rank of Bandit (level 6)
 3860: killed by a wolf

You didn't know any spells.

Skills:
 Fighting Skills
   bare handed combat [Basic]
   two weapon combat  [Unskilled]
   riding             [Unskilled]
 Weapon Skills
   dagger             [Unskilled]
   axe                [Basic]
   pick-axe           [Unskilled]
   short sword        [Unskilled]
   broadsword         [Unskilled]
   long sword         [Unskilled]
   two-handed sword   [Basic]
   saber              [Unskilled]
   club               [Basic]
   mace               [Unskilled]
   morning star       [Unskilled]
   flail              [Unskilled]
   hammer             [Unskilled]
   quarterstaff       [Unskilled]
   spear              [Unskilled]
   trident            [Unskilled]
   bow                [Unskilled]
 Spellcasting Skills
   attack spells      [Unskilled]
   escape spells      [Unskilled]

Voluntary challenges:
 Character rerolling was not enabled.
 You never genocided any monsters.
 You never polymorphed an object.
 You never changed form.
 You used no wishes.
Achievements:
 You entered the Gnomish Mines.
 You attained the rank of Pillager.
 You entered Minetown.
 You attained the rank of Bandit.
 You entered a temple.
 You entered a shop.

 The Dungeons of Doom: levels 1 to 5
    Level 1:
       A fountain.
    Level 2:
       A ring shop.
       Stairs down to The Gnomish Mines.
    Level 3: "potions"
       A fountain.
    Level 4: "vault"
       Some fountains, a sink.
    Level 5: <- You were here.
       A throne, a fountain, a grave.
       Final resting place for
          you, killed by a wolf.
 The Gnomish Mines: levels 3 to 6
    Level 3:
    Level 4:
       Final resting place for
          h2g2-Ran-Elf-Fem-Cha, killed by a dwarf.
    Level 5:
       Some shops, a temple and an altar, some fountains, a tree.
    Level 6:


Vanquished creatures:
  a small mimic
  a wolf
  a housecat
  a blue jelly
  a snake
  2 human zombies
  4 Uruk-hai
  8 gnome leaders
  a gnomish wizard
  a gray ooze
  a paper golem
  a little dog
  2 floating eyes
  9 dwarves
  2 homunculi
  a kobold shaman
  8 hill orcs
 12 rothes
  a rabid rat
  4 orc zombies
  a werejackal
  4 iguanas
  4 hobbits
  a cave spider
 26 gnomes
  a gecko
  4 jackals
  3 kobolds
  a goblin
  2 sewer rats
  2 grid bugs
  6 lichens
  a kobold zombie
  8 newts
126 creatures vanquished.

No species were genocided or became extinct.

Game over:
                       ----------
                      /          \
                     /    REST    \
                    /      IN      \
                   /     PEACE      \
                  /                  \
                  |    Coineanach    |
                  |      487 Au      |
                  | killed by a wolf |
                  |                  |
                  |                  |
                  |                  |
                  |       2026       |
                 *|     *  *  *      | *
        _________)/\\_//(\/(/\)/\//\/|_)_______

Goodbye Coineanach the Barbarian...

You died in The Dungeons of Doom on dungeon level 5 with 4785 points,
and 487 pieces of gold, after 3860 moves.
You were level 7 with a maximum of 64 hit points when you died.

